 Dungeon Crawl Stone Soup version 0.18-a0-844-g9229740 (webtiles) character file.

93518 Raultor the Severer (level 15, -5/138 HPs)
             Began as a Minotaur Berserker on Dec 18, 2015.
             Was a High Priest of Trog.
             Slain by a deep elf knight
             ... wielding a +0 long sword
              (14 damage)
             ... on level 1 of the Elven Halls.
             The game lasted 01:23:48 (25442 turns).

Raultor the Severer (Minotaur Berserker)           Turns: 25442, Time: 01:23:48

Health: -5/138     AC: 24    Str: 25    XL:     15   Next: 60%
Magic:  6/6        EV: 16    Int:  4    God:    Trog [*****.]
Gold:   1989       SH:  4    Dex: 15    Spells: 0 memorised, 14 levels left

rFire  . . .     SeeInvis +     a - +3 executioner's axe (antimagic)
rCold  . . .     Gourm    .     d - +1 chain mail {MR+}
rNeg   + . .     Faith    .     (shield currently unavailable)
rPois  .         Spirit   .     (helmet unavailable)
rElec  .         Dismiss  .     t - +1 cloak
rCorr  .         Reflect  +     A - +2 pair of gloves
SustAt +         Harm     .     Q - +2 pair of boots {Stlth+}
MR     ++...                    Z - +4 amulet of reflection
Stlth  ..........               R - ring of see invisible {sInv, !d}
                                G - ring of Miracles {SustAt rN+ Str+2}

@: drained, very resistant to hostile enchantments, extremely unstealthy
A: retaliatory headbutt, horns 3, sense surroundings 1
a: Berserk, Trog's Hand, Brothers in Arms, Burn Spellbooks, Renounce Religion


You were on level 1 of the Elven Halls.
You worshipped Trog.
Trog was extremely pleased with you.
You were not hungry.

You visited 4 branches of the dungeon, and saw 24 of its levels.

You collected 2563 gold pieces.
You spent 574 gold pieces at shops.

Inventory:

Hand Weapons
 a - a +3 antimagic executioner's axe (weapon)
   (Trog gifted it to you on level 12 of the Dungeon)
 K - a +5 antimagic dire flail
   (Trog gifted it to you on level 5 of the Lair of Beasts)
Missiles
 s - 11 javelins (quivered)
 B - 4 throwing nets {=f, !d}
Armour
 d - a +1 chain mail of magic resistance (worn)
   (You took it off Maud on level 7 of the Lair of Beasts)
 l - a +1 scale mail of cold resistance
   (You found it on level 10 of the Dungeon)
 t - a +1 cloak (worn)
   (You found it on level 2 of the Dungeon)
 A - a +2 pair of gloves (worn)
   (You found it on level 4 of the Dungeon)
 Q - a +2 pair of boots of stealth (worn)
   (You found it on level 4 of the Dungeon)
Rods
 b - a +0 rod of shadows (10/10)
   (You found it on level 7 of the Lair of Beasts)
Jewellery
 G - the ring of Miracles (left hand) {SustAt rN+ Str+2}
   (You found it on level 8 of the Lair of Beasts)

   [ring of sustain attributes]

   It sustains your strength, intelligence and dexterity.
   It affects your strength (+2).
   It protects you from negative energy.
 H - a +3 ring of dexterity
   (You found it on level 3 of the Lair of Beasts)
 J - an uncursed amulet of resist corrosion {rCorr, !d}
   (You found it on level 1 of the Lair of Beasts)
 R - a ring of see invisible (right hand) {sInv, !d}
   (You bought it in a shop on level 2 of the Orcish Mines)
 Z - a +4 amulet of reflection (around neck)
   (You found it on level 8 of the Dungeon)
Wands
 j - a wand of lightning (14)
   (You found it on level 11 of the Dungeon)
 P - a wand of fireball (8)
   (You found it on level 6 of the Dungeon)
 T - a wand of digging (19)
   (You found it on level 8 of the Lair of Beasts)
 V - a wand of cold (7)
   (You found it on level 1 of the Elven Halls)
Scrolls
 e - 6 scrolls of identify
 g - a scroll of acquirement {unknown}
 k - 17 scrolls of teleportation
 q - 5 scrolls of enchant armour
 r - 9 scrolls of remove curse
 u - 3 scrolls of fear
 w - 3 scrolls of immolation {!r}
 y - 3 scrolls of recharging
 L - 3 scrolls of fog
 M - 2 scrolls of enchant weapon
 N - 3 scrolls of blinking {!r}
 O - 2 scrolls of holy word {!r}
 W - 3 scrolls of magic mapping {!r}
Potions
 f - 4 potions of brilliance
 h - 3 potions of haste
 i - a potion of invisibility
 m - 13 potions of curing
 n - 4 potions of might
 o - a potion of cure mutation {!q}
 x - a potion of berserk rage {!q}
 z - 3 potions of magic
 C - 2 potions of resistance
 E - a potion of ambrosia {!q}
 F - 3 potions of heal wounds
 S - a potion of agility
 U - a potion of cancellation
Miscellaneous
 Y - a stone of tremors (inert)
   (You found it on level 1 of the Lair of Beasts)
Comestibles
 c - 7 bread rations {@e1}
 p - 8 meat rations {@e2}
 v - 13 fruits
 D - 3 slices of pizza
 I - 6 beef jerkies


   Skills:
 + Level 14.1(13.9) Fighting
 + Level 19.1(19.0) Axes
 + Level 14.4(14.3) Armour
 + Level 13.2(13.1) Dodging
 + Level 8.1(8.0) Evocations


You had 14 spell levels left.
You didn't know any spells.

Dungeon Overview and Level Annotations

Branches:
Dungeon (12/15)            Temple (0/1) D:5            Lair (8/8) D:10
  Swamp (0/4) Lair:6       Spider (0/4) Lair:5        Slime (0/6) Lair:7
    Orc (2/2) D:9             Elf (2/3) Orc:2

Altars:
Ashenzari
Dithmenos
Gozag
Kikubaaqudgha
Nemelex Xobeh
Okawaru
Pakellas
Ru
Trog
Vehumet
Xom
Zin
The Shining One
Beogh
Jiyva

Shops:
D:4 ?   D:9 (   Orc:1 }   Orc:2 [=*(   Elf:1 }


Innate Abilities, Weirdness & Mutations

You reflexively headbutt those who attack you in melee.
You have a pair of large horns on your head.
You passively map a small area around you.


Message History

The scimitar of draining hits you. You partially resist.
You feel drained.
The deep elf knight casts a spell.
The deep elf knight flickers and vanishes!
Deactivating autopickup; reactivate with Ctrl-A.
You take 3 damage, and have 51/138 hp.
You slice the scimitar of draining!! You headbutt the scimitar of draining.
The scimitar of draining barely misses you.
The deep elf mage casts a spell.
The deep elf mage blinks!
The scimitar of draining hits you but does no damage.
You partially resist.
You feel drained.
You closely miss the scimitar of draining.
You headbutt the scimitar of draining!
The scimitar of draining barely misses you.
The deep elf mage casts a spell at you.
The bolt of fire hits the scimitar of draining.
The scimitar of draining resists.
The scimitar of draining falls from the air.
The bolt of fire hits you!
* * * LOW HITPOINT WARNING * * *
A deep elf mage comes into view. It is wielding a dagger.
The deep elf mage shouts!
A deep elf mage comes into view. It is wielding a long sword.
You take 20 damage, and have 32/138 hp.
Unknown command.
There's something blocking the doorway.
The deep elf mage mumbles some strange words.
The deep elf mage blinks!
There is an open door, spattered with blood here.
Things that are here:
an uncursed dagger; an uncursed shortbow; a leather armour Something hits you but does no damage.
There is an open door here.
You feel less exhausted.
You hear some strange, mumbled words.
A shard of ice appears from out of thin air!
The shard of ice hits you!
* * * LOW HITPOINT WARNING * * *
You take 6 damage, and have 27/138 hp.
You close the door.
Something unseen opens the door.
A deep elf mage opens the door.
Something hits you!
* * * LOW HITPOINT WARNING * * *
There is a stone staircase leading up, spattered with blood here.
You take 13 damage, and have 14/138 hp.
Something hits you.
* * * LOW HITPOINT WARNING * * *
You climb upwards.
There is a stone staircase leading down here.
You take 3 damage, and have 11/138 hp.
Unknown command.
You start resting.
Something closely misses you.
Unknown command.
You start resting.
Something barely misses you.
Put on which piece of jewellery? (? for menu, Esc to quit)
You're wearing all the rings you can.
Remove which one? (? for menu, Esc to cancel) < or
G - the ring of Miracles {SustAt rN+ Str+2} > or
H - a +3 ring of dexterity You remove your +3 ring of dexterity.
You feel clumsy. Something hits you but does no damage.
Reactivating autopickup.
R - a ring of see invisible (right hand) {sInv, !d} The deep elf knight hits you with a long sword.
* * * LOW HITPOINT WARNING * * *
You slash the deep elf knight!
The deep elf knight's magic leaks into the air.
Your headbutt misses the deep elf knight.
The deep elf knight hits you but does no damage.
You miss the deep elf knight.
Your headbutt misses the deep elf knight.
The deep elf knight misses you. You furiously retaliate!
You headbutt the deep elf knight! You hit the deep elf knight.
The deep elf knight's magic leaks into the air.
Your headbutt misses the deep elf knight.
The deep elf knight completely misses you.
The deep elf knight hits you with a long sword.
* * * LOW HITPOINT WARNING * * *
You take 4 damage, and have 7/138 hp.
You miss the deep elf knight.
Your headbutt misses the deep elf knight.
You block the deep elf knight's attack.
You slash the deep elf knight!
The deep elf knight's magic leaks into the air.
Your headbutt misses the deep elf knight.
The deep elf knight closely misses you. You furiously retaliate!
You headbutt the deep elf knight, but do no damage.
The deep elf knight blocks your attack.
The deep elf knight hits you but does no damage.
The deep elf knight blocks your attack.
The deep elf knight hits you but does no damage. x2
You completely miss the deep elf knight.
The deep elf knight hits you but does no damage.
You barely miss the deep elf knight.
The deep elf knight hits you with a long sword!
You die...

#.#########.#######.# #.......#..
#........##.##### #.# #.#####.#..
#.##...#........# #.# #.#####.#..
#.#..)..###.###.# #.# #.........#
#.##...## #.# #.# #.# #.........#
#.###.## #.###.###.# #.....#...#
..# #.# #.........# #........#.
### #.# ###...@.### #........#.
##+## #.....e.# #........## #
##...## ##.....## ##....##.#
###.....## ##...## #....)..#
.#.......## ##.## ###.##)##
#.........####...#########.#...##
'.........'......................
#.........####...#########)#...##


You could see a deep elf knight (invisible).

Vanquished Creatures
  Frances (Elf:1)
  A stone giant (Orc:1)
  Snorg (Lair:7)
  Josephine (D:11)
  A fire dragon (Lair:8)
  Fannar (D:11)
  Harold (D:12)
  3 hydras
  6 death yaks
  14 dancing weapons
  2 orc high priests (Orc:2)
  Urug (D:11)
  2 unseen horrors
  A spriggan druid (Elf:1)
  A deep elf archer (Elf:2)
  2 orc sorcerers (Orc:2)
  5 hill giants
  A lindwurm (Lair:6)
  3 orc knights
  2 ugly things (D:11)
  12 deep elf magi
  A moth of wrath (shapeshifter) (Elf:1)
  2 wolf spiders
  6 elephants (Lair:7)
  A cyclops (Orc:1)
  Joseph (D:7)
  11 black mambas
  A centaur zombie (D:11)
  21 spiny frogs
  A gargoyle (D:12)
  8 komodo dragons
  A guardian serpent (Lair:8)
  A centaur skeleton (D:11)
  4 fire drakes
  7 trolls
  2 polar bears
  The ghost of JokEr the Poker, an amateur MfSk (D:4)
  A two-headed ogre (D:8)
  11 blink frogs
  Grinder (D:3)
  A jumping spider (shapeshifter) (Orc:2)
  4 slime creatures (D:12)
  A boulder beetle (Lair:8)
  3 redbacks
  A shadow (D:12)
  A water elemental (Elf:1)
  A spriggan (Lair:7)
  2 air elementals
  3 wraiths (D:11)
  3 wyverns
  3 basilisks
  33 yaks
  3 vampire mosquitoes (D:12)
  A hungry ghost (D:10)
  6 wargs
  2 mottled dragons
  2 steam dragons (Lair:8)
  29 wolves
  7 hippogriffs
  26 water moccasins
  13 porcupines
  3 sky beasts
  5 black bears
  30 orc warriors
  3 swamp drakes
  2 ice beasts
  An eye of draining (D:9)
  3 phantoms
  14 ogres
  8 wasps
  21 crocodiles
  6 centaurs
  19 giant frogs
  3 big kobolds
  Blork the orc (D:5)
  An earth elemental (Elf:1)
  3 scorpions
  8 killer bees
  2 vampire bats (Lair:5)
  8 crimson imps
  5 electric eels (D:9)
  5 jellies
  14 orc priests
  A giant frog zombie (D:7)
  2 giant frog skeletons
  7 hounds
  20 orc wizards
  Jessica (D:3)
  12 worker ants
  2 hell rats (Lair:5)
  17 iguanas
  23 sheep
  18 gnolls
  10 adders
  52 river rats
  2 shadow imps
  2 oozes
  2 adder zombies (D:5)
  4 worms
  2 adder skeletons (D:4)
  4 giant geckos
  70 orcs
  2 ball pythons
  9 giant cockroaches
  10 hobgoblins
  8 jackals
  16 kobolds
  5 quokkas
  14 bats
  A giant gecko skeleton (D:8)
  A giant newt (D:3)
  11 goblins
  A quokka zombie (D:6)
  13 rats
  A bush (Lair:7)
  10 fungi
  14 plants
821 creatures vanquished.

Vanquished Creatures (collateral kills)
  Maud (Lair:7)
  An orc warlord (Orc:2)
  Erica (D:8)
  3 death yaks (Lair:5)
  An orc sorcerer (Orc:2)
  A spiny frog (Lair:8)
  A centaur skeleton (D:9)
  A troll (Orc:2)
  2 water moccasins
  4 orc warriors
  2 ogres (Orc:2)
  2 orc wizards
  A sheep (Lair:7)
  3 adders (Lair:8)
  3 orcs
27 creatures vanquished.

Vanquished Creatures (others)
  A dancing weapon (Elf:2)
  A deep elf knight (Elf:1)
  2 basilisks (Lair:8)
  An iguana (Lair:8)
  2 orcs (D:9)
  A bush (Lair:8)
  9 fungi
  11 plants
28 creatures vanquished.

Grand Total: 876 creatures vanquished

Notes
Turn   | Place    | Note
--------------------------------------------------------------
     0 | D:1      | Raultor the Minotaur Berserker began the quest for the Orb.
     0 | D:1      | Reached XP level 1. HP: 19/19 MP: 0/0
   189 | D:1      | Reached XP level 2. HP: 27/27 MP: 1/1
   613 | D:1      | Reached skill level 4 in Axes
   615 | D:1      | Reached ** piety under Trog
   702 | D:2      | Reached XP level 3. HP: 33/33 MP: 2/2
   708 | D:2      | Reached skill level 4 in Fighting
   750 | D:2      | Reached skill level 3 in Armour
   868 | D:2      | Reached skill level 3 in Dodging
   906 | D:2      | Reached XP level 4. HP: 36/40 MP: 3/3
   987 | D:2      | Found a glowing golden altar of the Shining One.
  1226 | D:2      | Noticed a moth of wrath
  1229 | D:2      | Found a bloodstained altar of Trog.
  1283 | D:2      | Found a shadowy altar of Dithmenos.
  1529 | D:3      | Noticed Jessica
  1533 | D:3      | Killed Jessica
  1540 | D:3      | Reached *** piety under Trog
  1546 | D:3      | Reached XP level 5. HP: 47/47 MP: 4/4
  1583 | D:3      | Reached skill level 5 in Axes
  1712 | D:3      | Noticed Grinder
  1728 | D:3      | Killed Grinder
  1728 | D:3      | Reached skill level 5 in Fighting
  1728 | D:3      | Reached skill level 4 in Armour
  1728 | D:3      | Reached skill level 4 in Dodging
  1728 | D:3      | Reached XP level 6. HP: 56/56 MP: 5/5
  1870 | D:3      | Reached skill level 6 in Axes
  2237 | D:4      | Reached XP level 7. HP: 58/61 MP: 6/6
  2372 | D:4      | Found Kyobat's Magic Scroll Shoppe.
  2636 | D:4      | Found a glowing silver altar of Zin.
  2711 | D:4      | Noticed JokEr's ghost (amateur MfSk)
  2722 | D:4      | Killed JokEr's ghost
  2722 | D:4      | Reached skill level 6 in Fighting
  2722 | D:4      | Reached skill level 7 in Axes
  2722 | D:4      | Reached skill level 5 in Armour
  2722 | D:4      | Reached skill level 5 in Dodging
  3044 | D:5      | Entered Level 5 of the Dungeon
  3075 | D:5      | Noticed Blork the orc
  3094 | D:5      | Killed Blork the orc
  3094 | D:5      | Reached XP level 8. HP: 58/70 MP: 7/7
  3183 | D:5      | Reached skill level 8 in Axes
  3245 | D:5      | Reached **** piety under Trog
  3428 | D:5      | Found a staircase to the Ecumenical Temple.
  3466 | D:5      | Found a shattered altar of Ashenzari.
  3488 | D:5      | Reached skill level 6 in Armour
  3503 | D:5      | HP: 17/71 [poisoned by a gnoll]
  3508 | D:5      | HP: 16/71 [poisoned by a gnoll]
  3514 | D:5      | HP: 15/71 [poisoned by a gnoll]
  4009 | D:6      | Reached skill level 9 in Axes
  4047 | D:6      | Reached skill level 6 in Dodging
  4470 | D:6      | Reached skill level 7 in Fighting
  4470 | D:6      | Reached XP level 9. HP: 73/79 MP: 8/8
  4584 | D:6      | Found an ancient bone altar of Kikubaaqudgha.
  4704 | D:7      | Reached skill level 7 in Armour
  4779 | D:7      | Noticed Joseph
  4800 | D:7      | Killed Joseph
  4800 | D:7      | Reached skill level 10 in Axes
  4982 | D:7      | Reached skill level 7 in Dodging
  5449 | D:7      | Reached skill level 8 in Fighting
  6057 | D:8      | Reached skill level 8 in Armour
  6112 | D:8      | Reached ***** piety under Trog
  6113 | D:8      | Received a gift from Trog
  6113 | D:8      | Reached skill level 11 in Axes
  6137 | D:8      | Noticed Erica
  6146 | D:8      | Killed Erica
  6146 | D:8      | Reached XP level 10. HP: 90/90 MP: 9/9
  6189 | D:8      | Found a radiant altar of Vehumet.
  6282 | D:8      | Found an opulent altar of Gozag.
  6759 | D:8      | Reached skill level 8 in Dodging
  6767 | D:8      | Found a shimmering altar of Xom.
  7580 | D:9      | HP: 21/90 [electric eel/bolt of electricity (9)]
  7689 | D:9      | Reached skill level 9 in Fighting
  7689 | D:9      | Reached skill level 12 in Axes
  7807 | D:9      | Found a staircase to the Orcish Mines.
  7807 | D:9      | Noticed a deep elf mage
  7817 | D:9      | Reached skill level 9 in Armour
  7824 | D:9      | Killed a deep elf mage
  8124 | D:9      | Found a sparkling altar of Nemelex Xobeh.
  8287 | D:9      | Found Dacoukov's Weapon Emporium.
  8406 | D:9      | Found an iron altar of Okawaru.
  8626 | D:10     | Entered Level 10 of the Dungeon
  8626 | D:10     | Noticed a hill giant
  8631 | D:10     | Killed a hill giant
  8631 | D:10     | Reached XP level 11. HP: 99/99 MP: 10/10
  8724 | D:10     | Found a staircase to the Lair.
  8737 | D:10     | Killed an unseen horror
  8737 | D:10     | Reached skill level 13 in Axes
  8759 | D:10     | Reached skill level 9 in Dodging
  8920 | D:10     | Noticed a hill giant
  8929 | D:10     | Killed a hill giant
  8929 | D:10     | Reached skill level 10 in Fighting
  8929 | D:10     | Reached skill level 10 in Armour
  9018 | D:10     | Noticed a hill giant
  9028 | D:10     | Killed a hill giant
  9209 | D:11     | Noticed Urug
  9220 | D:11     | Killed Urug
  9413 | D:11     | Noticed Josephine
  9426 | D:11     | Killed Josephine
  9429 | D:11     | Reached skill level 14 in Axes
  9449 | D:11     | Noticed Fannar
  9460 | D:11     | Killed Fannar
  9641 | D:11     | Killed an unseen horror
  9764 | D:11     | Noticed a hill giant
  9779 | D:11     | Killed a hill giant
  9846 | D:11     | Got an ichor-stained morningstar
  9847 | D:11     | Identified the +5 morningstar of Eternal Vigilance {crush, Str+3} (You found it on level 11 of the Dungeon)
 10031 | D:11     | Reached skill level 10 in Dodging
 10079 | D:11     | Reached XP level 12. HP: 73/108 MP: 11/11
 10322 | D:11     | Reached skill level 11 in Fighting
 10322 | D:11     | Reached skill level 11 in Armour
 10753 | D:12     | Noticed Harold
 10763 | D:12     | Killed Harold
 10765 | D:12     | Reached skill level 1 in Evocations
 10766 | D:12     | Reached skill level 15 in Axes
 10876 | D:12     | Received a gift from Trog
 11340 | Lair:1   | Entered Level 1 of the Lair of Beasts
 11696 | Lair:1   | Reached skill level 2 in Evocations
 12461 | Lair:2   | Reached skill level 3 in Evocations
 13496 | Lair:3   | Reached ****** piety under Trog
 13524 | Lair:3   | Reached skill level 16 in Axes
 13651 | Lair:3   | Noticed a seven-headed hydra
 13661 | Lair:3   | Killed a seven-headed hydra
 13661 | Lair:3   | Reached skill level 11 in Dodging
 13661 | Lair:3   | Reached XP level 13. HP: 69/117 MP: 5/14
 14276 | Lair:4   | Found an oddly glowing altar of Pakellas.
 14811 | Lair:5   | Received a gift from Trog
 14965 | Lair:5   | Reached skill level 12 in Armour
 14977 | Lair:5   | Reached skill level 4 in Evocations
 15097 | Lair:5   | Reached skill level 12 in Fighting
 15200 | Lair:5   | Found a hole to the Spider Nest.
 15516 | Lair:5   | Received a gift from Trog
 16429 | Lair:6   | Reached skill level 17 in Axes
 16463 | Lair:6   | Gained mutation: You have a pair of large horns on your head. [potion of beneficial mutation]
 16464 | Lair:6   | Gained mutation: You passively map a small area around you. [potion of beneficial mutation]
 16476 | Lair:6   | Reached skill level 5 in Evocations
 16494 | Lair:6   | Found a staircase to the Swamp.
 17132 | Lair:7   | Noticed Maud
 17135 | Lair:7   | Received a gift from Trog
 17135 | Lair:7   | Reached XP level 14. HP: 112/127 MP: 5/17
 17139 | Lair:7   | Killed Maud
 17430 | Lair:7   | Reached skill level 12 in Dodging
 17492 | Lair:7   | Reached skill level 6 in Evocations
 17703 | Lair:7   | Found a viscous altar of Jiyva.
 17704 | Lair:7   | Found a staircase to the Slime Pits.
 17721 | Lair:7   | Reached skill level 13 in Armour
 17739 | Lair:7   | Noticed Snorg
 17746 | Lair:7   | Killed Snorg
 17973 | Lair:7   | Identified a +0 rod of shadows (10/10) (You found it on level 7 of the Lair of Beasts)
 18273 | Lair:8   | Entered Level 8 of the Lair of Beasts
 18289 | Lair:8   | Got a glittering lapis lazuli ring
 18290 | Lair:8   | Identified the ring of Miracles {SustAt rN+ Str+2} (You found it on level 8 of the Lair of Beasts)
 18519 | Lair:8   | Found a sacrificial altar of Ru.
 18909 | Lair:8   | Received a gift from Trog
 18958 | Lair:8   | Reached skill level 13 in Fighting
 18989 | Lair:8   | Reached skill level 18 in Axes
 20404 | Orc:1    | Entered Level 1 of the Orcish Mines
 20416 | Orc:1    | Found Offeulail's Gadget Shoppe.
 20716 | Orc:1    | Received a gift from Trog
 20723 | Orc:1    | Found a roughly hewn altar of Beogh.
 21204 | Orc:2    | Entered Level 2 of the Orcish Mines
 21210 | Orc:2    | Reached skill level 7 in Evocations
 21222 | Orc:2    | Found Piotsati's General Store.
 21724 | Orc:2    | Found Rizyorao's Antique Armour Shoppe.
 21769 | Orc:2    | Found Wualigesch's Jewellery Shop.
 22079 | Orc:2    | Bought an uncursed ring of see invisible for 210 gold pieces
 22141 | Orc:2    | Found a staircase to the Elven Halls.
 22259 | Orc:2    | Found Juethroda's Antique Weapon Shoppe.
 22259 | Orc:2    | Noticed an orc warlord
 22264 | Orc:2    | Received a gift from Trog
 22265 | Orc:2    | Reached XP level 15. HP: 136/136 MP: 6/19
 22549 | Orc:2    | Bought a pair of embroidered boots for 121 gold pieces
 22573 | Orc:2    | Bought a slimy ring mail for 243 gold pieces
 22585 | Orc:2    | Identified the +5 ring mail of Nemelex Xobeh's Favour {Int+3} (You bought it in a shop on level 2 of the Orcish Mines)
 22879 | Elf:1    | Entered Level 1 of the Elven Halls
 22882 | Elf:1    | Found Lurem's Gadget Boutique.
 22910 | Elf:1    | Noticed Frances
 22918 | Elf:1    | Killed Frances
 22999 | Elf:1    | Reached skill level 14 in Armour
 22999 | Elf:1    | Reached skill level 13 in Dodging
 23269 | Elf:1    | Reached skill level 19 in Axes
 24588 | Elf:1    | HP: 34/137 [poisoned by a dire flail of venom]
 24591 | Elf:1    | HP: 16/137 [dire flail of protection (17)]
 24596 | Elf:1    | HP: 15/137 [poisoned by a dire flail of venom]
 24601 | Elf:1    | HP: 14/137 [poisoned by a dire flail of venom]
 24608 | Elf:1    | HP: 15/137 [poisoned by a dire flail of venom]
 24616 | Elf:1    | HP: 15/137 [poisoned by a dire flail of venom]
 25309 | Elf:2    | Received a gift from Trog
 25309 | Elf:2    | Reached skill level 14 in Fighting
 25314 | Elf:2    | Reached skill level 8 in Evocations
 25419 | Elf:2    | HP: 32/138 [deep elf mage/bolt of fire (20)]
 25424 | Elf:2    | HP: 27/138 [something/shard of ice (7)]
 25428 | Elf:2    | HP: 10/138 [something (4)]
 25433 | Elf:1    | HP: 11/138 [deep elf knight/long sword (1)]
 25442 | Elf:1    | Slain by a deep elf knight

Vault maps used:
D:1:      lightli_arrival_statue_moat
D:2:      overflow_temple_1_default, nicolae_overflow_hidden_temple, tgw_trog,
          first_bread, kennysheep_generic_room_7
D:3:      uniq_grinder, uniq_jessica
D:4:      zin_scriptorium, serial_shops,
          nicolae_shop_competitors_out_of_business
D:5:      lemuel_crystal_altar, minmay_temple_entry_hall, uniq_blork_the_orc
D:6:      basic_altar
D:7:      dk_noncrumbling_3, uniq_joseph
D:8:      lemuel_crystal_altar, grunt_gozag_breadcrumbs, tgw_xom, uniq_erica
D:9:      wad_lake_hut, nemelex_deck, kennysheep_little_box, serial_shops, shop
D:10:     minmay_lair_entry_grove
D:11:     uniq_fannar, uniq_josephine, uniq_urug
D:12:     uniq_harold
Lair:2:   bh_autumn_forest_stairs, lemuel_fruit_tree
Lair:4:   basic_altar, grunt_megastairs_3
Lair:5:   kennysheep_rathole, spider_nest_entry_funnel_web, roderic_batcave,
          lemuel_fruit_fields, infiniplex_staircase_pool_2
Lair:6:   minmay_swamp_entry_reptiles, st_stairs_4
Lair:7:   slime_altar_1, grunt_forest_large_clearing_hut, uniq_snorg, uniq_maud
Lair:8:   hangedman_lair_tendril_chambers, guppyfry_lair_end_dragon,
          basic_altar, serial_forest, infiniplex_forest_clump_long,
          infiniplex_forest_3_way, infiniplex_forest_zigzag_1,
          infiniplex_forest_clump_double, infiniplex_forest_end_3,
          infiniplex_forest_lined_1, infiniplex_forest_clump_curved,
          grunt_forest_small_clearing_treed
Orc:1:    nicolae_orc_accident_2, serial_shops, shop
Orc:2:    grunt_orc_gardens, grunt_orc_garden, grunt_orc_garden,
          grunt_orc_garden, grunt_orc_garden, statue_in_the_mist_lemuel
Elf:1:    serial_shops, shop_fountains, evilmike_minifort,
          kilobyte_rumbling_trees, uniq_frances
Elf:2:    infiniplex_enter_wizlab_glasses, corexii_leaking_fountain,
          grunt_megastairs_4

Action                   |  1- 3 |  4- 6 |  7- 9 | 10-12 | 13-15 || total
-------------------------+-------+-------+-------+-------+-------++-------
Melee: Hand axe          |    80 |     7 |       |       |       ||    87
       War axe           |       |    95 |   271 |       |       ||   366
       Battleaxe         |       |       |    28 |   392 |       ||   420
       Executioner's axe |       |       |       |   169 |   832 ||  1001
       Morningstar       |       |       |       |     5 |       ||     5
       Dire flail        |       |       |       |       |    13 ||    13
Invok: Berserk           |       |     2 |     6 |    11 |    14 ||    33
       Trog's Hand       |       |     1 |     2 |     4 |     2 ||     9
       Brothers in Arms  |       |       |     1 |     2 |     6 ||     9
       Burn Spellbooks   |       |       |       |     2 |     1 ||     3
Evoke: Rod               |       |       |       |       |     2 ||     2
       Stone of tremors  |       |       |       |       |     1 ||     1
  Use: Scroll            |       |     7 |       |    12 |    18 ||    37
       Potion            |       |       |     3 |     1 |     4 ||     8
 Stab: Invisible         |       |       |     1 |       |     1 ||     2
       Distracted        |       |       |       |     1 |     3 ||     4
       Sleeping          |       |       |       |     1 |       ||     1
  Eat: Chunk             |       |     6 |    13 |    33 |    40 ||    92
       Bread ration      |       |       |     1 |     1 |     1 ||     3
       Beef jerky        |       |       |     1 |       |       ||     1
       Royal jelly       |       |       |       |     1 |       ||     1
       Meat ration       |       |       |       |       |     2 ||     2

Vault maps used:
D:1:      lightli_arrival_statue_moat
D:2:      overflow_temple_1_default, nicolae_overflow_hidden_temple, tgw_trog,
          first_bread, kennysheep_generic_room_7
D:3:      uniq_grinder, uniq_jessica
D:4:      zin_scriptorium, serial_shops,
          nicolae_shop_competitors_out_of_business
D:5:      lemuel_crystal_altar, minmay_temple_entry_hall, uniq_blork_the_orc
D:6:      basic_altar
D:7:      dk_noncrumbling_3, uniq_joseph
D:8:      lemuel_crystal_altar, grunt_gozag_breadcrumbs, tgw_xom, uniq_erica
D:9:      wad_lake_hut, nemelex_deck, kennysheep_little_box, serial_shops, shop
D:10:     minmay_lair_entry_grove
D:11:     uniq_fannar, uniq_josephine, uniq_urug
D:12:     uniq_harold
Lair:2:   bh_autumn_forest_stairs, lemuel_fruit_tree
Lair:4:   basic_altar, grunt_megastairs_3
Lair:5:   kennysheep_rathole, spider_nest_entry_funnel_web, roderic_batcave,
          lemuel_fruit_fields, infiniplex_staircase_pool_2
Lair:6:   minmay_swamp_entry_reptiles, st_stairs_4
Lair:7:   slime_altar_1, grunt_forest_large_clearing_hut, uniq_snorg, uniq_maud
Lair:8:   hangedman_lair_tendril_chambers, guppyfry_lair_end_dragon,
          basic_altar, serial_forest, infiniplex_forest_clump_long,
          infiniplex_forest_3_way, infiniplex_forest_zigzag_1,
          infiniplex_forest_clump_double, infiniplex_forest_end_3,
          infiniplex_forest_lined_1, infiniplex_forest_clump_curved,
          grunt_forest_small_clearing_treed
Orc:1:    nicolae_orc_accident_2, serial_shops, shop
Orc:2:    grunt_orc_gardens, grunt_orc_garden, grunt_orc_garden,
          grunt_orc_garden, grunt_orc_garden, statue_in_the_mist_lemuel
Elf:1:    serial_shops, shop_fountains, evilmike_minifort,
          kilobyte_rumbling_trees, uniq_frances
Elf:2:    infiniplex_enter_wizlab_glasses, corexii_leaking_fountain,
          grunt_megastairs_4

Table legend:
 A = Turns spent in this place as a percentage of turns spent in the entire game.
 B = Non-inter-level travel turns spent in this place as a percentage of non-inter-level travel turns spent in the entire game.
 C = Inter-level travel turns spent in this place as a percentage of turns spent in this place.
 D = Turns resting spent in this place as a percentage of non-inter-level travel turns spent in this place.
 E = Turns spent auto-exploring this place as a percentage of non-inter-level travel turns spent in this place.
 F = Non-inter-level travel turns spent in this place divided by the number of levels of this place that you've seen.
                   A       B       C       D       E      F
               +-------+-------+-------+-------+-------+----------------------
         Total | 100.0 | 100.0 |   0.5 |   3.9 |  12.3 | 234.0
       Dungeon |  48.4 |  48.4 |   0.5 |   3.8 |  14.1 | 226.4
          Lair |  32.7 |  32.6 |   0.7 |   3.3 |  10.9 | 229.1
  Orcish Mines |   9.3 |   9.3 |   0.6 |   3.1 |  13.0 | 262.0
   Elven Halls |   9.6 |   9.6 |   0.2 |   7.4 |   7.8 | 270.5
               +-------+-------+-------+-------+-------+----------------------

Table legend:
 A = Kills in this place as a percentage of kills in entire the game.
 B = Kills by you in this place as a percentage of kills by you in the entire game.
 C = Kills by friends in this place as a percentage of kills by friends in the entire game.
 D = Other kills in this place as a percentage of other kills in the entire game.
 E = Experience gained in this place as a percentage of experience gained in the entire game.
 F = Experience gained in this place divided by the number of levels of this place that you have seen.
                   A       B       C       D       E      F
               +-------+-------+-------+-------+-------+----------------------
         Total | 100.0 | 100.0 | 100.0 | 100.0 | 100.0 | 5566.6
       Dungeon |  40.2 |  41.3 |  11.1 |   0.0 |  20.7 | 2299.4
          Lair |  41.3 |  41.5 |  37.0 |  50.0 |  49.0 | 8182.0
  Orcish Mines |  13.9 |  12.7 |  51.9 |   0.0 |  12.3 | 8239.0
   Elven Halls |   4.5 |   4.5 |   0.0 |  50.0 |  18.0 | 12035.5
               +-------+-------+-------+-------+-------+----------------------
